[Event "45th FIDE Womens Olympiad 2024"]
[Site "Budapest"]
[Date "2024.09.12"]
[Round "2.41"]
[White "Keinanen, Anastasia"]
[Black "Assaubayeva, Bibisara"]
[Result "1/2-1/2"]
[ECO "B90"]
[WhiteElo "2212"]
[BlackElo "2482"]
[Annotator "TA"]
[PlyCount "107"]
[EventDate "2024.09.05"]
[EventType "team-tourn"]
[EventCountry "HUN"]
[SourceTitle "playchess.com"]
[Source "ChessBase"]
[SourceQuality "1"]
[WhiteTeam "Finland"]
[BlackTeam "Kazakhstan"]
[WhiteTeamCountry "FIN"]
[BlackTeamCountry "KAZ"]
[TimeControl "40/5400+30:1800+30"]

1. e4 c5 2. Nf3 d6 3. d4 cxd4 4. Nxd4 Nf6 5. Nc3 a6 6. Nb3 Nbd7 7. g4 h6 8. a4 b6 {The position is equal.} 9. Bg2 Bb7 10. Qe2 e6 11. f4 Rc8 12. h3 Rc7 (12... Be7 $11) 13. O-O (13. Bd2 $1 $14) 13... Qa8 $11 14. Bd2 Be7 15. Rae1 Nh7 16. Nd4 O-O 17. f5 (17. Rd1 $11) 17... Bf6 $17 18. Be3 e5 (18... Re8 $15) 19. Nb3 {[#]} (19. Nf3 $5) 19... Rxc3 20. bxc3 $14 Bxe4 21. Bxe4 Qxe4 22. Qd3 (22. Qxa6 $14 Qc6 23. Nd2) 22... Qc6 $11 23. Rd1 Be7 24. c4 Nhf6 25. a5 bxa5 26. Nxa5 Qc7 27. Nb3 Rc8 28. Nd2 d5 $1 {White must now prevent ...e4.} 29. cxd5 (29. Rfe1 $17) 29... e4 $1 $19 30. d6 (30. Qxa6 $2 Qg3+ (30... Nxd5 $2 31. Bf4 $19) 31. Kh1 Qxh3+ (31... Rxc2 $2 32. Rf2 $19) 32. Kg1 Qxe3+ 33. Rf2 Rxc2 $19) (30. Nxe4 $2 Nxe4 31. d6 (31. Qxe4 Qg3+ 32. Qg2 Qxe3+ 33. Kh1 Bd6 $19) 31... Nxd6 $19 (31... Qxd6 $2 32. Qxe4 Qg3+ 33. Kh1 $19)) 30... exd3 (30... Qxd6 31. Qxd6 (31. Nxe4 $2 Nxe4 32. Qxe4 Qg3+ 33. Kh1 Qxh3+ 34. Kg1 Qg3+ 35. Kh1 Ne5 $19) 31... Bxd6 32. Ra1 $15) 31. dxc7 dxc2 32. Rde1 Rxc7 {...Bb4 is the strong threat.} 33. Nb3 Rc3 (33... Nd5 $1 $17 {Threatens to win with ...Rc3.} 34. Bd2 Bf6) 34. Bd2 $15 Rg3+ (34... Rxh3 35. Rxe7 Rxb3 36. Rc1 $11) 35. Kf2 Bd6 (35... Rxb3 $17 36. Rxe7 Rxh3) 36. Re3 $14 Ne4+ 37. Rxe4 Rxb3 38. Ke2 Nf6 (38... Rxh3 $11 39. Rc4 Rh4 40. Rxc2 Be5 (40... Rxg4 41. Rc8+ Nf8 42. Rc6 $11)) 39. Re3 (39. Rd4 $16 Be5 40. Rf3) 39... Rb2 ({Black should try} 39... Rb1 $14) 40. Bc1 (40. Rc3 $16) 40... Ra2 (40... Rb8 $1 $11 {remains equal.}) 41. Kd3 (41. Rd3 $16 Bc7 42. Ra3 Rxa3 43. Bxa3) 41... a5 {[%cal Ba6a5,Ba5a4,Ba4a3][%mdl 32] [#]} 42. Kc4 $1 {Repels Nd5} a4 {[#]} 43. Rf2 $1 Kh7 44. Ree2 (44. Rc3 $142) 44... Ra1 45. Rxc2 Rb1 46. Bb2 a3 47. Bxf6 gxf6 $16 {[%mdl 4096] Endgame. KRR-KRB} 48. Ra2 Kg7 49. Kd5 Bf8 50. Rf3 Rb5+ 51. Kc4 (51. Kc6 $16 Rc5+ 52. Kb6) 51... Rb4+ 52. Kc3 Rb1 53. Kd4 ({Better is} 53. Rd3 $16) 53... Rb4+ $11 54. Kc3 {White happily takes the draw.   Weighted Error Value: White=0.29 (precise) /Black=0.26 (precise) .  Mistake:       	White=10    	Black=8      Inaccurate:     	White=7     	Black=5      OK:         	White=12    	Black=20     Best:        	White=3     	Black=1      Strong:       	White=1     	Black=2} 1/2-1/2

[Event "45th FIDE Womens Olympiad 2024"]
[Site "Budapest"]
[Date "2024.09.12"]
[Round "2.42"]
[White "Balabayeva, Xeniya"]
[Black "Paasikangas, Johanna"]
[Result "1-0"]
[ECO "C50"]
[WhiteElo "2335"]
[BlackElo "2058"]
[Annotator "TA"]
[PlyCount "101"]
[EventDate "2024.09.05"]
[EventType "team-tourn"]
[EventCountry "HUN"]
[SourceTitle "playchess.com"]
[Source "ChessBase"]
[SourceQuality "1"]
[WhiteTeam "Kazakhstan"]
[BlackTeam "Finland"]
[WhiteTeamCountry "KAZ"]
[BlackTeamCountry "FIN"]
[TimeControl "40/5400+30:1800+30"]

1. e4 e5 2. Nf3 Nc6 3. Bc4 Bc5 4. d3 Nf6 5. O-O d6 6. a4 a5 7. h3 h6 8. c3 Ba7 {The position is equal.} 9. Be3 O-O 10. Bxa7 Rxa7 11. Re1 Qe7 12. Nh2 Be6 13. Nd2 Nd8 14. Qf3 Bxc4 15. Nxc4 Ne6 16. Ne3 Nf4 17. d4 Kh7 (17... Qe6 $11 {deserves consideration.}) 18. Rad1 Ra6 19. h4 Qe6 (19... Ng6 $11 {keeps the balance.}) 20. g3 Ng6 21. Nd5 Ne8 (21... Nxd5 $2 22. exd5 Qd7 23. h5 $18) 22. h5 Ne7 23. dxe5 dxe5 24. Nxe7 Qxe7 25. Qf5+ Kg8 26. Rd7 Qc5 {...Rf6 would now be deadly.} 27. Rd5 Qc4 28. Qxe5 Qxa4 29. Nf3 Rf6 (29... Qa2 $11 {remains equal.}) 30. Rxa5 Qc2 31. Kg2 $36 {[%mdl 2048] White has strong initiative.} Qxb2 {[#]} 32. Rb5 ({White should play} 32. Ra8 $1 $16 Re6 33. Qd4) 32... Qc2 $14 33. Rxb7 {Active counter play!} Re6 34. Qd4 (34. Qf4 $14 Qxc3 35. Rbb1) 34... Rc6 $2 (34... Nd6 $11 35. Ra7 (35. Rxc7 $2 {loses.} Nb5 $19) 35... Nxe4) 35. Re3 (35. e5 $18) 35... Nd6 $16 36. Rb4 Ra6 37. Qd3 (37. Ne1 $16 Qa2 38. Qc5) 37... Ra2 {Loses the game.} (37... Qxd3 $11 {and Black is okay.} 38. Rxd3 c5) 38. Qxc2 $18 Rxc2 39. e5 Nf5 40. Rd3 Ra8 (40... Re2 {might work better.} 41. Rc4 g5 42. hxg6 (42. Rxc7 Ra8 $18) 42... fxg6) 41. Rf4 Ne7 42. Rd7 Re8 43. c4 (43. Rxc7 Nd5 44. Rfxf7 (44. Rcxf7 Nxf4+ 45. Rxf4 Rxc3 $11) 44... Nxc7 45. Rxc7 Rf8 $16) 43... c6 (43... c5 {was called for.} 44. Rc7 Ra2 45. Rxc5 Raa8) 44. Rc7 Rc1 $2 (44... Re2 45. g4 Ra2) 45. Rd4 Kf8 {[#]} 46. e6 $1 fxe6 47. Ne5 Rc2 48. Rdd7 {Strongly threatening Ng6+.} ({Less strong is} 48. Nxc6 Nxc6 49. Rxc6 Kg8 $16) 48... Re2 49. Ng6+ (49. Nxc6 Nxc6 50. Rxc6 Re7 $16) 49... Nxg6 50. hxg6 Re4 51. Rxg7 {Weighted Error Value: White=0.20 (precise) /Black=0.47.  Loses game:     	---       	Black=2      Mistake:       	White=4     	Black=6      Inaccurate:     	White=1     	Black=1      OK:         	White=12    	Black=16     Best:        	White=1     	Black=2      Brilliant:      	White=1     	---} 1-0

[Event "45th FIDE Womens Olympiad 2024"]
[Site "Budapest"]
[Date "2024.09.12"]
[Round "2.43"]
[White "Bederdin, Lilja"]
[Black "Nurman, Alua"]
[Result "1-0"]
[ECO "E93"]
[WhiteElo "2065"]
[BlackElo "2324"]
[Annotator "TA"]
[PlyCount "99"]
[EventDate "2024.09.05"]
[EventType "team-tourn"]
[EventCountry "HUN"]
[SourceTitle "playchess.com"]
[Source "ChessBase"]
[SourceQuality "1"]
[WhiteTeam "Finland"]
[BlackTeam "Kazakhstan"]
[WhiteTeamCountry "FIN"]
[BlackTeamCountry "KAZ"]
[TimeControl "40/5400+30:1800+30"]

1. d4 Nf6 2. c4 g6 3. Nc3 Bg7 4. e4 d6 5. h3 Nbd7 6. Be3 e5 7. d5 Nc5 8. Qc2 a5 9. Nf3 O-O 10. Be2 Qe7 11. Nd2 c6 12. O-O Nfd7 {White is slightly better.} 13. Nb3 Nxb3 14. Qxb3 c5 15. Nb5 h6 (15... Nf6 $14) 16. f3 {White is much more active.} (16. a4 $16) 16... Nf6 $11 17. g4 Nh7 18. Qd3 f5 19. Kg2 Rf7 20. Rh1 Bd7 21. a4 Raf8 22. Raf1 h5 23. Bd2 b6 24. b3 Bc8 25. Nc3 (25. Qe3 $11) 25... Bf6 $15 26. gxf5 (26. Nb5 $15) 26... gxf5 $17 {Threatens to win with ...Rg7+.} 27. Rfg1 {[#]} Kh8 $1 28. Kf1 {[#]} (28. exf5 $17 {was necessary.} Rg7+ (28... Bh4 29. f6 $17) 29. Kf1) 28... Bh4 $1 $19 29. Bd1 fxe4 $2 (29... f4 $17 {White must now prevent ...Rg7.} 30. Qc2 Ng5) 30. Nxe4 $11 Bf5 {...Nf6 would now be deadly.} 31. Bh6 (31. Qe3 $11) 31... Re8 $2 (31... Ng5 $1 $17 32. Rxg5 Bxg5 33. Bxf8 Qxf8) 32. Ke2 ({Better is} 32. Qe3 $1 $14) 32... Nf6 33. Qe3 Nh7 $2 (33... Nxe4 $11 {and Black is okay.} 34. fxe4 Bh7) 34. Bc2 $18 Qd7 $2 (34... Nf6 35. Bg5 Bxe4 36. Bxe4 Bxg5 37. Rxg5 (37. Qxg5 Nxe4 38. fxe4 Rh7 $16) 37... Rg8) 35. Rh2 {Strongly threatening Rhg2.} Nf6 36. Bg5 Bxe4 $2 (36... Bxg5 37. Rxg5 (37. Qxg5 Nxe4 38. Bxe4 Bxe4 $18) 37... Nh7 38. Rxh5 Rg8 39. Nxd6 Bxc2 40. Qxe5+ (40. Nxf7+ Qxf7 41. Qxe5+ Qg7 $18) 40... Rfg7) 37. Bxf6+ (37. fxe4 Bxg5 38. Qxg5 Rg8 39. Qh6+ Nh7 40. Rxg8+ Kxg8 $14) 37... Bxf6 38. Qh6+ ({Weaker is} 38. Qxe4 Rg8 39. Rg6 (39. Rxg8+ Kxg8 40. Qg6+ Kf8 $18) 39... Rgg7 $18) (38. fxe4 Qe7 $16) 38... Bh7 39. Bxh7 $1 (39. Qxh5 $2 {perishes.} e4 40. f4 Bd4 $19) 39... Rxh7 40. Qxf6+ {White mates.} Rg7 41. Rhg2 Ree7 42. Qh6+ Kg8 43. Qxh5 Qc7 44. Qh6 Qd7 45. Ke3 Ref7 46. Rxg7+ Rxg7 47. Rxg7+ Qxg7 48. Qxg7+ ({Worse is} 48. Qxd6 Qg5+ 49. Kd3 Qf5+ 50. Kd2 Qg5+ 51. Kc2 Qg2+ 52. Kb1 Qg1+ 53. Ka2 Qg2+ 54. Ka3 Qg5 $11) 48... Kxg7 49. Ke4 Kf6 50. f4 {Never resign too early!   Weighted Error Value: White=0.24 (precise) /Black=0.54.  Loses game:     	---       	Black=1      Mistake:       	White=6     	Black=5      Inaccurate:     	White=1     	Black=2      OK:         	White=8     	Black=12     Best:        	White=2     	---        Strong:       	---       	Black=2} 1-0

[Event "45th FIDE Womens Olympiad 2024"]
[Site "Budapest"]
[Date "2024.09.12"]
[Round "2.44"]
[White "Kairbekova, Amina"]
[Black "Sippola, Sara-Olivia"]
[Result "1-0"]
[ECO "C84"]
[WhiteElo "2243"]
[BlackElo "1861"]
[Annotator "ChessBase"]
[PlyCount "79"]
[EventDate "2024.09.05"]
[EventType "team-tourn"]
[EventCountry "HUN"]
[SourceTitle "playchess.com"]
[Source "ChessBase"]
[SourceQuality "1"]
[WhiteTeam "Kazakhstan"]
[BlackTeam "Finland"]
[WhiteTeamCountry "KAZ"]
[BlackTeamCountry "FIN"]
[TimeControl "40/5400+30:1800+30"]

1. e4 e5 2. Nf3 Nc6 3. Bb5 a6 4. Ba4 Nf6 5. O-O b5 6. Bb3 Be7 7. d3 h6 8. a4 Bb7 9. Nc3 b4 10. Nd5 a5 11. c3 O-O 12. Nxe7+ Qxe7 13. Nh4 Rfd8 14. Nf5 Qf8 15. Qf3 d5 16. Nxh6+ gxh6 17. Qxf6 Rd6 18. Qh4 Ne7 19. f4 Ng6 20. Qg3 Qg7 21. fxe5 Nxe5 22. Qxg7+ Kxg7 23. Bf4 Nxd3 24. Bxd6 cxd6 25. cxb4 axb4 26. exd5 Ba6 27. Bc2 Nxb2 28. Rfb1 Nd3 29. Bxd3 Bxd3 30. Rxb4 Ra5 31. Rb6 Bc4 32. Rd1 Rxa4 33. Rxd6 Ra7 34. Rc6 Bb5 35. Rc5 Bd7 36. d6 Ra8 37. Rd2 Kf6 38. Kf2 Ra3 39. Rc7 Ke6 40. Rb7 1-0

[Event "45th FIDE Womens Olympiad 2024"]
[Site "Budapest"]
[Date "2024.09.12"]
[Round "2.45"]
[White "Mkrtchian, Lilit"]
[Black "Corrales Jimenez, Zenia"]
[Result "1-0"]
[ECO "D35"]
[WhiteElo "2366"]
[BlackElo "2170"]
[Annotator "TA"]
[PlyCount "49"]
[EventDate "2024.09.05"]
[EventType "team-tourn"]
[EventCountry "HUN"]
[SourceTitle "playchess.com"]
[Source "ChessBase"]
[SourceQuality "1"]
[WhiteTeam "Armenia"]
[BlackTeam "Mexico"]
[WhiteTeamCountry "ARM"]
[BlackTeamCountry "MEX"]
[TimeControl "40/5400+30:1800+30"]

1. c4 e6 2. Nc3 d5 3. d4 Nf6 4. cxd5 exd5 5. Bg5 Bb4 6. e3 h6 7. Bh4 g5 8. Bg3 Ne4 9. Nge2 h5 {White is slightly better.} 10. f3 (10. h4 $14) 10... Nxg3 $11 11. hxg3 Nc6 12. Qb3 Bxc3+ (12... Be6 $11) 13. Nxc3 $16 Qd6 14. O-O-O Ne7 15. e4 {Prevents Nf5.} Qxg3 16. Nxd5 (16. exd5 h4 $11) 16... Nxd5 17. Qxd5 c6 {Wards off Bb5} 18. Qb3 {White is more active.} Be6 $2 {Loses the game.} (18... h4 $16) 19. Qxb7 $18 O-O 20. Rxh5 {[#] Black must now prevent Qe7.} (20. Qxc6 $2 {is the wrong capture.} Rac8 (20... Bxa2 21. Ba6 $11) 21. Bb5 Bd7 $19 (21... Rxc6+ $2 22. Bxc6 Rc8 23. d5 $19) (21... Bxa2 $2 22. Rd2 $19) (21... Qxg2 22. Rdg1 $17)) 20... Qf4+ $2 (20... Kg7 21. Qa6 (21. Qxc6 $2 {perishes.} Rac8 $19) 21... Kg6) 21. Kb1 Kg7 22. Bd3 {[%cal Ob7e7] And now Qe7! would win.} ({Much less strong is} 22. Qe7 Kg6 $18) 22... c5 (22... Rh8 $142) 23. Qe7 Kg6 24. Rdh1 Rfe8 25. e5+ {Weighted Error Value: White=0.11 (very precise) /Black=0.66.  Loses game:     	---       	Black=1      Mistake:       	White=1     	Black=3      Inaccurate:     	White=1     	Black=2      OK:         	White=6     	Black=2      Best:        	White=2     	Black=1} 1-0

[Event "45th FIDE Womens Olympiad 2024"]
[Site "Budapest"]
[Date "2024.09.12"]
[Round "2.46"]
[White "Miranda Rodriguez, Tania"]
[Black "Mkrtchyan, Mariam"]
[Result "0-1"]
[ECO "C92"]
[WhiteElo "2090"]
[BlackElo "2328"]
[Annotator "RC"]
[PlyCount "140"]
[EventDate "2024.09.05"]
[EventType "team-tourn"]
[EventCountry "HUN"]
[SourceTitle "playchess.com"]
[Source "ChessBase"]
[SourceQuality "1"]
[WhiteTeam "Mexico"]
[BlackTeam "Armenia"]
[WhiteTeamCountry "MEX"]
[BlackTeamCountry "ARM"]
[TimeControl "40/5400+30:1800+30"]

1. e4 e5 2. Nf3 Nc6 3. Bb5 a6 4. Ba4 Nf6 5. O-O Be7 6. Re1 b5 7. Bb3 d6 8. c3 O-O 9. h3 Bb7 10. d4 Re8 11. Ng5 Rf8 12. Nf3 Nd7 13. a4 Na5 14. Bc2 c5 15. Nbd2 Qc7 16. Bd3 c4 17. Bc2 Bf6 18. Nf1 Rfe8 19. Ng3 g6 20. Bg5 Bg7 21. Nh2 h5 22. Nf3 Nf8 23. Qd2 Ne6 24. Be3 Red8 25. Ng5 Nxg5 26. Bxg5 Re8 27. d5 Bc8 28. Rf1 Bd7 29. Bh6 f6 30. Bxg7 Kxg7 31. f4 Qb6+ 32. Kh1 Nb7 33. fxe5 dxe5 34. Qf2 Qxf2 35. Rxf2 Nd6 36. h4 Bg4 37. Bd1 Bxd1 38. Rxd1 Rab8 39. axb5 axb5 40. Ra1 Ra8 41. Rff1 Kf7 42. Kg1 Reb8 43. Kf2 Ra4 44. Ra3 Rxa3 45. bxa3 Ra8 46. Ra1 Ra5 47. Ke2 Nb7 48. Kd2 Nc5 49. Kc2 Ke7 50. Kb2 Ra8 51. Kc2 Nb7 52. Kb2 Nd6 53. Kc2 Kd7 54. Kb2 Kc7 55. Rf1 Rf8 56. Ra1 f5 57. exf5 gxf5 58. Nxh5 Rh8 59. Ng7 Rxh4 60. Ne6+ Kb6 61. Re1 Re4 62. Rxe4 Nxe4 63. Nd8 Kc5 64. Nf7 Kxd5 65. Nh6 Ke6 66. a4 bxa4 67. Ka3 Nxc3 68. Kb4 Nd5+ 69. Kxa4 Ne3 70. g3 f4 0-1

[Event "45th FIDE Womens Olympiad 2024"]
[Site "Budapest"]
[Date "2024.09.12"]
[Round "2.47"]
[White "Danielian, Elina"]
[Black "Mendez Tovar, Yessica Yissel"]
[Result "1-0"]
[ECO "B38"]
[WhiteElo "2393"]
[BlackElo "2004"]
[Annotator "TA"]
[PlyCount "41"]
[EventDate "2024.09.05"]
[EventType "team-tourn"]
[EventCountry "HUN"]
[SourceTitle "playchess.com"]
[Source "ChessBase"]
[SourceQuality "1"]
[WhiteTeam "Armenia"]
[BlackTeam "Mexico"]
[WhiteTeamCountry "ARM"]
[BlackTeamCountry "MEX"]
[TimeControl "40/5400+30:1800+30"]

1. d4 Nf6 2. Nf3 g6 3. c4 c5 4. Nc3 Bg7 5. e4 cxd4 6. Nxd4 Nc6 7. Be3 O-O 8. Be2 d6 9. O-O Bd7 10. Nb3 b6 11. Rc1 h5 12. h3 {White is more active.} Qc8 13. Kh2 {White is better.} Qb8 14. f4 Kh7 15. Bf3 Bh6 16. Nd5 Nxd5 (16... Ng8 $16 {might work better.} 17. Qd2 Qc8) 17. cxd5 ({And not} 17. Qxd5 e5 $11) 17... Ne5 18. Be2 {[#] Black must now prevent Qd2.} Qe8 $2 (18... b5) 19. Qd2 $18 {White is clearly winning.} Ng4+ 20. hxg4 hxg4 21. f5 {Black did not feel at home in the position after the opening.   Weighted Error Value: White=0.09 (flawless) /Black=0.65.  Mistake:       	---       	Black=2      Inaccurate:     	White=1     	Black=3      OK:         	White=3     	---        Best:        	White=1     	---} 1-0

[Event "45th FIDE Womens Olympiad 2024"]
[Site "Budapest"]
[Date "2024.09.12"]
[Round "2.48"]
[White "Padilla Garcia, Cecilia Xasive"]
[Black "Sargsyan, Anna M."]
[Result "0-1"]
[ECO "B12"]
[WhiteElo "1954"]
[BlackElo "2364"]
[Annotator "TA"]
[PlyCount "42"]
[EventDate "2024.09.05"]
[EventType "team-tourn"]
[EventCountry "HUN"]
[SourceTitle "playchess.com"]
[Source "ChessBase"]
[SourceQuality "1"]
[WhiteTeam "Mexico"]
[BlackTeam "Armenia"]
[WhiteTeamCountry "MEX"]
[BlackTeamCountry "ARM"]
[TimeControl "40/5400+30:1800+30"]

1. e4 c6 2. d4 d5 3. f3 g6 4. c3 Bg7 5. Na3 e5 6. dxe5 Bxe5 7. exd5 {Hoping for Qe2.} Qh4+ 8. Ke2 ({Better is} 8. g3 $1 $14 Qe7 (8... Bxg3+ 9. hxg3 Qxh1 10. Qd4 $16) 9. Qe2) 8... cxd5 $11 (8... Bxh2 9. Rxh2 Qxh2 10. Qd4 $16) 9. Qxd5 Nc6 10. Qe4 Qe7 {[%mdl 1024] Black has strong compensation.} 11. Kf2 Nf6 12. Qe2 O-O {Black is much more active.} 13. Nc4 (13. g3 $17 {was called for.}) 13... Re8 $19 14. Nxe5 (14. g3 $17) 14... Nxe5 {Black is clearly winning.} 15. g3 Qc5+ 16. Kg2 {[#]} Neg4 {[%mdl 512] Prevents Be3.} 17. Qc2 Bf5 18. Bd3 Bxd3 19. Qxd3 Qf2+ 20. Kh3 Rad8 21. Qc4 {[#]} b5 $1 {[%mdl 512] White did not feel at home in the position after the opening.   Weighted Error Value: White=0.94/Black=0.09 (flawless) .  Loses game:     	White=1     	---        Mistake:       	White=2     	---        Inaccurate:     	White=1     	---        OK:         	White=4     	Black=4      Best:        	---       	Black=2} 0-1

[Event "45th FIDE Womens Olympiad 2024"]
[Site "Budapest"]
[Date "2024.09.12"]
[Round "2.49"]
[White "Wafa, Shrook"]
[Black "Stefanova, Antoaneta"]
[Result "0-1"]
[ECO "C50"]
[WhiteElo "2137"]
[BlackElo "2416"]
[Annotator "TA"]
[PlyCount "90"]
[EventDate "2024.09.05"]
[EventType "team-tourn"]
[EventCountry "HUN"]
[SourceTitle "playchess.com"]
[Source "ChessBase"]
[SourceQuality "1"]
[WhiteTeam "Egypt"]
[BlackTeam "Bulgaria"]
[WhiteTeamCountry "EGY"]
[BlackTeamCountry "BUL"]
[TimeControl "40/5400+30:1800+30"]

1. e4 e5 2. Nf3 Nc6 3. Bc4 Bc5 4. d3 Nf6 5. Nc3 h6 6. O-O O-O 7. h3 d6 8. Na4 Bb6 9. a3 Re8 10. b4 Be6 {The position is equal.} 11. Bxe6 Rxe6 12. c4 Ne7 13. Rb1 c6 14. Re1 Bc7 15. d4 exd4 16. Qxd4 Qe8 17. Nh4 {[#]} ({Better is} 17. Qd3 $11) 17... c5 $1 18. Qd1 cxb4 (18... Nxe4 $5 19. Bb2 Ng5 $17) 19. axb4 Nxe4 20. Bb2 f5 {Against Qg4} 21. Nxf5 $2 {[#] This move loses the game for White.} Nxf5 $19 22. Qd5 Ng5 {And now ...Qf7 would win.} 23. f4 Nxh3+ 24. gxh3 Qg6+ 25. Qg2 (25. Kh1 $142 Rae8 26. Rxe6 Qxe6 (26... Rxe6 $2 27. Re1 $19) 27. Rd1) 25... Qxg2+ 26. Kxg2 Rae8 27. Rxe6 Rxe6 28. Nc3 Ne3+ 29. Kf3 (29. Kh1 $142) 29... Nxc4 30. Bc1 {Wards off Nd2+} Bb6 {...Re1 would now be deadly.} 31. Nd5 (31. Ne2 {was called for.}) 31... Re1 32. Nxb6 axb6 {[%mdl 4096] Endgame. KRB-KRN} 33. Kf2 Rh1 34. Kg2 Rd1 35. Ra1 Kf7 36. Kf3 Ke6 37. Ke2 Rh1 38. Kd3 Kd5 (38... Rxh3+ 39. Kxc4 Rh1 40. Kd3 $11) 39. Kc2 Rh2+ 40. Kb1 Rxh3 41. Ra7 Kc6 42. b5+ Kc7 43. Kc2 (43. Ra8 {might work better.}) 43... Kb8 {Black is clearly winning.} 44. Ra4 d5 45. f5 Rf3 {Wards off Bf4+.   Weighted Error Value: White=0.37/Black=0.10 (very precise) .  Mistake:       	White=6     	---        Inaccurate:     	White=2     	Black=1      OK:         	White=10    	Black=18     Best:        	White=3     	Black=2} 0-1

[Event "45th FIDE Womens Olympiad 2024"]
[Site "Budapest"]
[Date "2024.09.12"]
[Round "2.50"]
[White "Radeva, Viktoria"]
[Black "Wafa, Shahenda"]
[Result "1-0"]
[ECO "B22"]
[WhiteElo "2297"]
[BlackElo "2102"]
[Annotator "ChessBase"]
[PlyCount "71"]
[EventDate "2024.09.05"]
[EventType "team-tourn"]
[EventCountry "HUN"]
[SourceTitle "playchess.com"]
[Source "ChessBase"]
[SourceQuality "1"]
[WhiteTeam "Bulgaria"]
[BlackTeam "Egypt"]
[WhiteTeamCountry "BUL"]
[BlackTeamCountry "EGY"]
[TimeControl "40/5400+30:1800+30"]

1. e4 c5 2. Nf3 d6 3. Bc4 Nc6 4. O-O g6 5. c3 Bg7 6. d4 cxd4 7. cxd4 Nf6 8. Nc3 O-O 9. d5 Na5 10. Be2 Bg4 11. h3 Bxf3 12. Bxf3 Nc4 13. Be2 Rc8 14. Qa4 Qa5 15. Qb3 Qc5 16. Bf4 Nh5 17. Bxh5 gxh5 18. Rac1 b6 19. Rfd1 Qa5 20. Bg5 Nxb2 21. Qxb2 Bxc3 22. Qe2 Bf6 23. Bxf6 Rxc1 24. Rxc1 exf6 25. Rc7 Qa4 26. Kh2 f5 27. Qxh5 Qxe4 28. Qg5+ Kh8 29. Qf6+ Kg8 30. Qxd6 a5 31. Qg3+ Kh8 32. d6 Qe6 33. Qc3+ f6 34. d7 Qd6+ 35. Qg3 f4 36. Qg7+ 1-0

[Event "45th FIDE Womens Olympiad 2024"]
[Site "Budapest"]
[Date "2024.09.12"]
[Round "2.51"]
[White "Romany, Joy"]
[Black "Krasteva, Beloslava"]
[Result "1/2-1/2"]
[ECO "E16"]
[WhiteElo "2012"]
[BlackElo "2295"]
[Annotator "ChessBase"]
[PlyCount "73"]
[EventDate "2024.09.05"]
[EventType "team-tourn"]
[EventCountry "HUN"]
[SourceTitle "playchess.com"]
[Source "ChessBase"]
[SourceQuality "1"]
[WhiteTeam "Egypt"]
[BlackTeam "Bulgaria"]
[WhiteTeamCountry "EGY"]
[BlackTeamCountry "BUL"]
[TimeControl "40/5400+30:1800+30"]

1. d4 Nf6 2. c4 e6 3. g3 Bb4+ 4. Nd2 d5 5. Bg2 O-O 6. Ngf3 b6 7. cxd5 exd5 8. O-O Bb7 9. Ne5 Nbd7 10. Ndf3 Bd6 11. Qa4 Qe8 12. Qc2 Ne4 13. Nxd7 Qxd7 14. Ne5 Qe7 15. Nd3 h5 16. Bf4 h4 17. Rac1 Qf6 18. Ne5 Rfe8 19. f3 Ng5 20. Ng4 Qe7 21. Bxd6 cxd6 22. gxh4 Ne6 23. e3 Qxh4 24. Qf2 Qg5 25. h4 Qe7 26. Qg3 Kh8 27. f4 f5 28. Nf2 Nf8 29. Rfe1 Nh7 30. Nh3 Nf6 31. Ng5 Ba6 32. Bh3 Bd3 33. Rc3 Be4 34. Rec1 Qf8 35. Rc7 Re7 36. Nxe4 fxe4 37. Qg6 1/2-1/2

[Event "45th FIDE Womens Olympiad 2024"]
[Site "Budapest"]
[Date "2024.09.12"]
[Round "2.52"]
[White "Peycheva, Gergana"]
[Black "Allam, Yara"]
[Result "1-0"]
[ECO "D45"]
[WhiteElo "2248"]
[BlackElo "1920"]
[Annotator "ChessBase"]
[PlyCount "87"]
[EventDate "2024.09.05"]
[EventType "team-tourn"]
[EventCountry "HUN"]
[SourceTitle "playchess.com"]
[Source "ChessBase"]
[SourceQuality "1"]
[WhiteTeam "Bulgaria"]
[BlackTeam "Egypt"]
[WhiteTeamCountry "BUL"]
[BlackTeamCountry "EGY"]
[TimeControl "40/5400+30:1800+30"]

1. d4 d5 2. c4 c6 3. Nc3 Nf6 4. e3 e6 5. Nf3 Bd6 6. Qc2 Nbd7 7. b3 O-O 8. Be2 b6 9. O-O Bb7 10. Bb2 Rc8 11. Rad1 c5 12. dxc5 Nxc5 13. cxd5 exd5 14. Qf5 Qd7 15. Nd4 Bb8 16. Qxd7 Ncxd7 17. Nf5 Rfe8 18. Bb5 Rcd8 19. Ba3 Re5 20. Ne7+ Kh8 21. Bc6 Ba6 22. Rfe1 Rh5 23. h3 Ne5 24. Ncxd5 Nxd5 25. Bxd5 Bc7 26. Be4 Bd3 27. Bxd3 Nxd3 28. Re2 Nc5 29. Red2 Rxd2 30. Rxd2 h6 31. Nc6 a6 32. Bb2 Rg5 33. f4 Rg3 34. Bd4 Rg6 35. Ne7 Re6 36. Nf5 f6 37. Bxc5 bxc5 38. Rd7 Bb6 39. Kf2 g6 40. Nd6 h5 41. Nc4 Kg8 42. Rb7 Bd8 43. Rb8 Re8 44. Rc8 1-0